 Dungeon Crawl Stone Soup version 0.24-a0-520-g8fd06ad0bc (webtiles) character file.

Game seed: 6560806914512999974

9247 Azzok the Cleaver (level 11, -10/75 HPs)
             Began as a Formicid Fighter on July 25, 2019.
             Was an Elder of Okawaru.
             Killed from afar by a gargoyle (23 damage)
             ... with a stone arrow
             ... on level 11 of the Dungeon.
             The game lasted 00:18:44 (12668 turns).

Azzok the Cleaver (Formicid Fighter)               Turns: 12668, Time: 00:18:44

Health: -10/75     AC: 18    Str: 24    XL:     11   Next: 70%
Magic:  16/17      EV:  9    Int:  8    God:    Okawaru [****..]
Gold:   814        SH: 13    Dex: 10    Spells: 10/10 levels left

rFire    + . .     SeeInvis +   b - +4 quarterstaff (chaos)
rCold    . . .     Gourm    .   c - +0 shield
rNeg     . . .     Faith    .   m - +0 plate armour
rPois    +         Spirit   .   (helmet unavailable)
rElec    .         Reflect  .   r - +2 cloak
rCorr    .         Harm     .   t - +0 pair of gloves
MR       +....                  (no boots)
Stlth    ..........             (no amulet)
HPRegen  0.22/turn              F - ring of poison resistance
MPRegen  0.15/turn              d - ring of protection from fire

@: heroism
A: permanent stasis, dig shafts and tunnels, four strong arms, antennae 3
a: Dig, Shaft Self, Heroism, Renounce Religion


You were on level 11 of the Dungeon.
You worshipped Okawaru.
Okawaru was greatly pleased with you.
You were not hungry.

You visited 1 branch of the dungeon, and saw 11 of its levels.

You collected 814 gold pieces.

Inventory:

Hand Weapons
 b - a +4 quarterstaff of chaos (weapon)
 e - a +1 antimagic hand axe
 y - a +2 whip of freezing
 B - a +1 hand axe of chopping
 E - a +0 war axe
Missiles
 C - a throwing net (quivered)
Armour
 c - a +0 shield (worn)
 k - a scarf of repulsion
 m - a +0 plate armour (worn)
 r - a +2 cloak (worn)
 t - a +0 pair of gloves (worn)
Jewellery
 a - an uncursed ring of positive energy
 d - a ring of protection from fire (right hand)
 z - an uncursed ring of protection from cold
 F - a ring of poison resistance (left hand)
Wands
 g - a wand of acid (9)
 s - a wand of enslavement (10)
 G - a wand of polymorph (9)
Scrolls
 j - 2 scrolls of enchant armour
 l - 2 scrolls of magic mapping
 n - a scroll of fog {unknown}
 w - 2 scrolls of remove curse
 x - a scroll of immolation
 D - a scroll of silence
Potions
 h - 2 potions of cancellation
 i - 3 potions of heal wounds
 o - a potion of might
 p - 3 potions of lignification
 u - a potion of agility
 v - 2 potions of haste
 A - a potion of flight
 H - a potion of degeneration {unknown}
Comestibles
 f - 14 rations
 q - 4 chunks of flesh


   Skills:
 - Level 3.2(8.2) Fighting
 + Level 10.4(16.1) Axes
 - Level 6.4(14.3) Maces & Flails
 - Level 3.2(8.2) Armour
 - Level 9.1(14.1) Shields
 + Level 8.0 Invocations
 - Level 9.0 Evocations


You had 10 spell levels left.
You didn't know any spells.
Your spell library contained the following spells:

 Spells                   Type           Power        Failure   Level  Hunger
 Magic Dart               Conj           #...         99%         1    ##.....
 Call Imp                 Summ           #.......     100%        2    ###....
 Searing Ray              Conj           #.....       100%        2    ###....
 Slow                     Hex            #.......     100%        2    ###....
 Conjure Flame            Conj/Fire      #.......     100%        3    ####...
 Dazzling Spray           Conj/Hex       #.....       100%        3    ####...
 Mephitic Cloud           Conj/Pois/Air  #.......     100%        3    ####...
 Force Lance              Conj/Tloc      #.......     100%        4    #####..
 Fulminant Prism          Conj/Hex       #.........   100%        4    #####..
 Iskenderun's Mystic Bla  Conj           #.......     100%        4    #####..
 Blink                    Tloc           Unusable     N/A         2    N/A

Dungeon Overview and Level Annotations

Branches:
Dungeon (11/15)            Temple (0/1) D:7            Lair (0/6) D:11
    Orc: D:9-12

Altars:
Ashenzari
Fedhas
Gozag
Hepliaklqana
Nemelex Xobeh
Okawaru
Qazlal
Ru
Sif Muna
Vehumet
Zin

Shops:
D:4 %

Annotations:
D:5 1 exclusion
D:7 Harold
D:10 Sonja


Innate Abilities, Weirdness & Mutations

You cannot be hasted, slowed, berserked, paralysed or teleported.
You can dig through walls and to a lower floor.
Your four strong arms can wield two-handed weapons with a shield.
You have a pair of large antennae on your head. (SInv)


Message History

The gargoyle flickers and vanishes for a moment.
The gargoyle is severely damaged.
You block the bullfrog's attack.
The gargoyle hurls a stone arrow at you.
The stone arrow hits you!!
* * * LOW HITPOINT WARNING * * *
You hit the gargoyle but do no damage.
Nothing appears to happen.
The gargoyle is severely damaged.
The gargoyle hits you with a +0 flail.
* * * LOW HITPOINT WARNING * * *
You block the bullfrog's attack.
You hit the gargoyle.
The gargoyle seems to speed up.
The gargoyle is almost destroyed.
The gargoyle hits you but does no damage.
The gargoyle barely misses you.
You hit the gargoyle but do no damage.
The gargoyle is almost destroyed.
The gargoyle hurls a stone arrow at you.
The stone arrow hits you!!
You die...

················
·(···)··········
▒▒····▒'▒▒▒▒▒▒╬▒ ▒▒▒╬▒▒
·▒··(·▒···▒ ·····▒
·▒····▒···▒ ·····▒
▒▒····▒··▒▒ ▒▒▒▒ ·····▒
▒····▒▒··▒▒▒▒··▒▒·····▒
▒····▒····÷·····▒·····▒
▒····▒······(···@9····▒
▒····▒··········▒9····▒
▒····▒········F·▒·····▒
{ ▒···▒▒▒▒··▒▒·····▒
▒▒▒▒▒ ▒··▒ ·····▒ ···▒
·····▒ ····· ·····▒
············▒


You could see 2 gargoyles and a bullfrog (confused).

Vanquished Creatures
  Fannar (D:10)
  A cyclops (D:11)
  An elephant (D:11)
  Psyche (D:10)
  A troll (D:9)
  A hornet (D:9)
  4 hippogriffs
  A basilisk (D:11)
  3 vampire mosquitoes (D:11)
  A hungry ghost (D:10)
  Duvessa (D:7)
  2 acid dragons (D:11)
  A water moccasin (D:7)
  2 black bears (D:8)
  A sky beast (D:6)
  2 orc warriors
  4 ice beasts
  4 phantoms
  5 ogres
  3 wolves (D:10)
  4 centaurs
  A big kobold (D:8)
  4 crocodiles
  5 bullfrogs
  Dowan (D:7)
  A water moccasin zombie (D:10)
  4 scorpions
  4 wights (D:11)
  9 killer bees
  A bullfrog zombie (D:5)
  2 crimson imps
  12 orc wizards
  Crazy Yiuf (D:2)
  2 jellies
  A gnoll shaman (D:5)
  5 orc priests
  2 bullfrog skeletons
  5 hounds
  Jessica (D:2)
  8 worker ants
  2 iguanas
  A hound skeleton (D:5)
  10 gnolls (D:5)
  11 adders
  2 howler monkey skeletons
  2 shadow imps
  2 oozes
  An adder zombie (D:6)
  An adder skeleton (D:7)
  2 worms (D:2)
  3 dart slugs
  4 leopard geckos
  32 orcs
  5 giant cockroaches
  6 goblins
  3 hobgoblins
  8 jackals
  10 kobolds
  3 quokkas
  2 ball pythons
  7 bats
  4 frilled lizards
  A leopard gecko skeleton (D:5)
  13 rats
248 creatures vanquished.

Vanquished Creatures (collateral kills)
  An ice beast (D:7)
1 creature vanquished.

Vanquished Creatures (others)
  A killer bee (D:11)
1 creature vanquished.

Grand Total: 250 creatures vanquished

Notes
Turn   | Place    | Note
-------+----------+-------------------------------------------
     0 | D:1      | Azzok the Formicid Fighter began the quest for the Orb.
     0 | D:1      | Reached XP level 1. HP: 18/18 MP: 1/1
    86 | D:1      | Reached XP level 2. HP: 24/24 MP: 2/2
   484 | D:1      | Reached XP level 3. HP: 29/29 MP: 3/3
  1214 | D:2      | Noticed an air elemental
  1225 | D:2      | Found a stormy altar of Qazlal.
  1227 | D:2      | Noticed an earth elemental
  1227 | D:2      | Noticed a fire elemental
  1228 | D:2      | Noticed a water elemental
  1534 | D:2      | Noticed a scorpion
  1543 | D:2      | Killed a scorpion
  1543 | D:2      | Reached skill level 5 in Shields
  1543 | D:2      | Reached XP level 4. HP: 35/35 MP: 4/4
  1804 | D:2      | Noticed Jessica
  1809 | D:2      | Killed Jessica
  1809 | D:2      | Reached XP level 5. HP: 41/41 MP: 5/5
  2298 | D:2      | Found a runed translucent door.
  2299 | D:2      | Noticed Crazy Yiuf
  2306 | D:2      | Killed Crazy Yiuf
  3109 | D:3      | Reached XP level 6. HP: 47/47 MP: 6/6
  3611 | D:4      | Reached skill level 5 in Maces & Flails
  3614 | D:4      | Reached XP level 7. HP: 52/52 MP: 7/7
  3771 | D:4      | Found Rebbeergh's Food Shop.
  4039 | D:5      | Entered Level 5 of the Dungeon
  4239 | D:5      | Reached XP level 8. HP: 56/58 MP: 8/8
  4670 | D:5      | Reached skill level 1 in Axes
  4893 | D:5      | Found a sacrificial altar of Ru.
  4906 | D:5      | Reached skill level 2 in Axes
  5398 | D:6      | Reached skill level 3 in Axes
  5506 | D:6      | Reached skill level 4 in Axes
  5574 | D:6      | Found an opulent altar of Gozag.
  5605 | D:6      | Reached XP level 9. HP: 60/64 MP: 9/9
  5898 | D:6      | Reached skill level 5 in Axes
  6153 | D:6      | Found a blossoming altar of Fedhas.
  6162 | D:6      | Found a sparkling altar of Nemelex Xobeh.
  6162 | D:6      | Found a shattered altar of Ashenzari.
  6162 | D:6      | Found a hazy altar of Hepliaklqana.
  6162 | D:6      | Found a glowing silver altar of Zin.
  6163 | D:6      | Found a deep blue altar of Sif Muna.
  6167 | D:6      | Found a radiant altar of Vehumet.
  6168 | D:6      | Found a stormy altar of Qazlal.
  6264 | D:7      | Reached skill level 1 in Evocations
  6773 | D:7      | Reached skill level 6 in Axes
  6817 | D:7      | Noticed Harold
  6818 | D:7      | Found a staircase to the Ecumenical Temple.
  6823 | D:7      | Noticed Dowan
  6823 | D:7      | Noticed Duvessa
  6838 | D:7      | Killed Duvessa
  6847 | D:7      | Killed Dowan
  7440 | D:8      | Reached skill level 5 in Evocations
  7448 | D:8      | Reached skill level 7 in Axes
  7626 | D:8      | Reached XP level 10. HP: 59/70 MP: 14/14
  7883 | D:8      | Found an iron altar of Okawaru.
  7894 | D:8      | Became a worshipper of Warmaster Okawaru
  7961 | D:8      | Reached skill level 8 in Axes
  8025 | D:8      | Found an opulent altar of Gozag.
  8078 | D:8      | Reached skill level 1 in Invocations
  8876 | D:9      | Reached * piety under Okawaru
  9481 | D:10     | Entered Level 10 of the Dungeon
  9781 | D:10     | Noticed Psyche
  9802 | D:10     | Killed Psyche
  9802 | D:10     | Reached skill level 9 in Axes
  9856 | D:10     | Noticed Fannar
  9898 | D:10     | HP: 3/70 [ice beast[Fannar] (5)]
  9928 | D:10     | Killed Fannar
  9928 | D:10     | Reached ** piety under Okawaru
  9928 | D:10     | Reached skill level 5 in Invocations
  9928 | D:10     | Reached XP level 11. HP: 27/75 MP: 17/17
 10198 | D:10     | Reached *** piety under Okawaru
 10236 | D:10     | Noticed Sonja
 10881 | D:10     | Noticed Grum
 10891 | D:10     | Noticed Grum
 10891 | D:10     | Grum changed into Grum the jelly
 10893 | D:10     | Killed Grum the jelly
 11349 | D:11     | Noticed an elephant
 11890 | D:11     | Killed an elephant
 11912 | D:11     | Reached skill level 10 in Axes
 11930 | D:11     | Found a staircase to the Lair.
 12479 | D:11     | Noticed a cyclops
 12489 | D:11     | Killed a cyclops
 12489 | D:11     | Reached **** piety under Okawaru
 12668 | D:11     | Killed from afar by a gargoyle

Levels and vault maps discovered:
D:1:      wander_arrival_lonely_grave, layout_basic
D:2:      layout_loops_corners, first_ration, grunt_decor_arrowhead,
          nicolae_qazlal_style_of_elements, uniq_crazy_yiuf_cottage,
          uniq_jessica
D:3:      layout_basic
D:4:      layout_loops_cross, serial_shops, shop
D:5:      cheibrodos_two_vegetables, layout_loops_ring, nicolae_ru_awakened_eye
D:6:      layout_loops_ring, minitemple, grunt_gozag_breadcrumbs
D:7:      layout_rooms, minmay_temple_entry_from_below_b, uniq_duvessa,
          uniq_harold
D:8:      layout_rooms, okawaru_metal_pillars_3, basic_altar, grunt_ogre_cave
D:9:      layout_roguey
D:10:     layout_roguey, uniq_sonja, uniq_grum, uniq_psyche, uniq_fannar
D:11:     layout_gridville, david_lair_generic,
          kennysheep_orc_monster_closet_entryway

Skill      XL: |  1  2  3  4  5  6  7  8  9 10 11 |
---------------+----------------------------------+-----
Shields        | 4 5 6 8 9 |  9.1
Maces & Flails | 3 4 5 6 |  6.4
Axes           | 4 7 9 10 | 10.4
Evocations     | 5 8 9 |  9.0
Invocations    | 5 8 |  8.0
Fighting       | |  3.2
Armour         | |  3.2

Action                   |  1- 3 |  4- 6 |  7- 9 | 10-12 || total
-------------------------+-------+-------+-------+-------++-------
Melee: Flail             |   131 |    53 |       |       ||   184
       Quarterstaff      |       |    73 |   374 |   497 ||   944
Invok: Heroism           |       |       |       |     8 ||     8
Evoke: Wand              |       |       |       |     4 ||     4
  Use: Scroll            |       |       |    10 |     3 ||    13
       Potion            |       |       |     1 |     4 ||     5
 Stab: Paralysed         |       |       |     4 |     5 ||     9
  Eat: Chunk             |     2 |     4 |     9 |    11 ||    26
       Ration            |       |     1 |     1 |     3 ||     5
Armor: Scale mail        |    52 |     2 |       |       ||    54
       Plate armour      |       |    52 |   178 |   324 ||   554
Dodge: Dodged            |    52 |    21 |    58 |   139 ||   270
Block: Shield            |    75 |    57 |   223 |   364 ||   719

Table legend:
 A = Non-vault XP
 B = Vault XP
 C = Vault XP percentage of total XP
 D = Non-vault monster count
 E = Vault monster count
 F = Vault count percentage of total count
                 A         B        C        D         E       F
            +---------+---------+-------+---------+---------+-------
      Total |    9911 |    3299 |  25.0 |     234 |      15 |   6.0
            +---------+---------+-------+---------+---------+-------
        D:1 |      48 |       0 |   0.0 |      31 |       0 |   0.0
        D:2 |     101 |      79 |  43.9 |      12 |       2 |  14.3
        D:3 |      43 |       0 |   0.0 |      14 |       0 |   0.0
        D:4 |     486 |       0 |   0.0 |      20 |       0 |   0.0
        D:5 |     794 |       0 |   0.0 |      39 |       0 |   0.0
        D:6 |     593 |       0 |   0.0 |      12 |       0 |   0.0
        D:7 |    1181 |     226 |  16.1 |      30 |       2 |   6.2
        D:8 |    1420 |     121 |   7.9 |      23 |       1 |   4.2
        D:9 |    1709 |       0 |   0.0 |      19 |       0 |   0.0
       D:10 |    1125 |    1851 |  62.2 |      13 |       6 |  31.6
       D:11 |    2411 |    1022 |  29.8 |      21 |       4 |  16.0
            +---------+---------+-------+---------+---------+-------
